 Dungeon Crawl Stone Soup version 0.25-a0-482-g9b3b753f3f (webtiles) character file.

Game seed: 17065738434549134839, levelgen mode: deterministic

42683 Gargoyl the Cleaver (level 13, -5/108 HPs)
             Began as a Centaur Abyssal Knight on Feb 10, 2020.
             Was the Champion of Lugonu.
             Slain by a death yak simulacrum (8 damage)
             ... in an ice cave on Feb 11, 2020.
             The game lasted 00:33:47 (27024 turns).

Gargoyl the Cleaver (Centaur Abyssal Knight)       Turns: 27024, Time: 00:33:47

Health: -5/108     AC: 28    Str: 22    XL:     13   Next: 86%
Magic:  20/20      EV:  6    Int: 11    God:    Lugonu [******]
Gold:   1240       SH: 10    Dex: 16    Spells: 12/12 levels left

rFire    + . .     SeeInvis .   a - +3 hand axe (venom)
rCold    + + +     Gourm    .   L - +0 shield
rNeg     . . .     Faith    .   o - +5 chain mail {MR+}
rPois    .         Spirit   .   v - +1 helmet
rElec    .         Reflect  .   k - scarf {rC+ rF+}
rCorr    .         Harm     .   u - +2 pair of gloves {Dex+3}
MR       +....                  M - +1 centaur barding {rC+}
Stlth    ..........             (no amulet)
HPRegen  0.28/turn              f - +2 ring of dexterity
MPRegen  0.17/turn              C - ring of Pekhleypt {rC+ Str+4 Slay+3 Stlth+}

@: very quick
A: large, hooves 3, deformed body, speed 2, tough skin 3
a: Depart the Abyss, Bend Space, Banish, Corrupt, Enter the Abyss, Brand Weapon
With Distortion, Renounce Religion


You were in an ice cave.
You worshipped Lugonu.
Lugonu was exalted by your worship.
You were not hungry.

You visited 2 branches of the dungeon, and saw 17 of its levels.
You visited the Abyss 1 time.
You also visited: Sewer, Ice Cave and Volcano.

You collected 1614 gold pieces.
You spent 374 gold pieces at shops.

Inventory:

Hand Weapons
 a - a +3 hand axe of venom (weapon)
 H - a +3 broad axe of flaming
Missiles
 j - 20 boomerangs (quivered)
 s - 21 javelins
Armour
 k - a scarf of resistance (worn)
 o - a +5 chain mail of magic resistance (worn)
 u - a +2 pair of gloves of dexterity (worn)
 v - a +1 helmet (worn)
 L - a +0 shield (worn)
 M - a +1 centaur barding of cold resistance (worn)
Jewellery
 f - a +2 ring of dexterity (left hand)
 y - an uncursed ring of see invisible {unknown}
 C - the ring of Pekhleypt (right hand) {rC+ Str+4 Slay+3 Stlth+}
   (You acquired it on level 1 of the Lair of Beasts)

   [ring of stealth]

   It affects your strength (+4).
   It affects your accuracy and damage with ranged weapons and melee attacks
   (+3).
   It protects you from cold.
   It makes you more stealthy.
 J - an uncursed ring of resist corrosion
Wands
 e - a wand of enslavement (15)
 i - a wand of polymorph (24)
 E - a wand of disintegration (35)
 F - a wand of digging (4)
 K - a wand of acid (10)
Scrolls
 d - a scroll of fear
 q - 11 scrolls of remove curse
 z - 5 scrolls of teleportation
 A - a scroll of identify
 D - 2 scrolls of brand weapon
 G - 2 scrolls of blinking
Potions
 b - 3 potions of flight
 g - 9 potions of might
 h - 2 potions of invisibility
 l - 2 potions of lignification
 m - 7 potions of curing
 n - a potion of berserk rage
 p - a potion of cancellation {unknown}
 t - 6 potions of haste
 w - 4 potions of ambrosia
 x - a potion of agility {unknown}
 B - 3 potions of brilliance {unknown}
 I - a potion of magic {unknown}
Comestibles
 c - 30 rations
 r - 18 chunks of flesh


   Skills:
 + Level 8.6 Fighting
 + Level 11.3 Axes
 + Level 2.4 Throwing
 * Level 10.6 Armour
 * Level 6.9 Dodging
 + Level 4.0 Shields
 * Level 10.4 Invocations


You had 12 spell levels left.
You didn't know any spells.
Your spell library contained the following spells:

 Spells                   Type           Power        Failure   Level  Hunger
 Infusion                 Chrm           #...         99%         1    ##.....
 Summon Small Mammal      Summ           #...         99%         1    ##.....
 Call Imp                 Summ           #.......     100%        2    ###....
 Poisonous Vapours        Pois/Air       #.....       100%        2    ###....
 Shroud of Golubria       Chrm/Tloc      #.....       100%        2    ###....
 Song of Slaying          Chrm           #.......     100%        2    ###....
 Call Canine Familiar     Summ           #.......     100%        3    ####...
 Conjure Flame            Conj/Fire      #.......     100%        3    ####...
 Mephitic Cloud           Conj/Pois/Air  #.......     100%        3    ####...
 Ozocubu's Armour         Chrm/Ice       #.......     100%        3    ####...
 Spectral Weapon          Hex/Chrm       #.......     100%        3    ####...
 Summon Guardian Golem    Hex/Summ       #.......     100%        3    ####...
 Leda's Liquefaction      Hex/Erth       #.........   100%        4    #####..
 Summon Ice Beast         Ice/Summ       #.......     100%        4    #####..
 Summon Lightning Spire   Summ/Air       #.......     100%        4    #####..
 Bolt of Magma            Conj/Fire/Erth #.........   100%        5    ######.
 Freezing Cloud           Conj/Ice/Air   #.........   100%        6    #######
 Iron Shot                Conj/Erth      #.........   100%        6    #######
 Statue Form              Tmut/Erth      #........    100%        6    #######
 Ring of Flames           Chrm/Fire      #.........   100%        7    #######
 Shatter                  Erth           #.........   100%        9    #######


Dungeon Overview and Level Annotations

Branches:
Dungeon (11/15)            Temple (0/1) D:5            Lair (6/6) D:10
  Swamp (0/4) Lair:4        Snake (0/4) Lair:3        Slime (0/5) Lair:6
    Orc (0/2) D:9           Sewer (visited)           IceCv (1/1)
Volcano (visited)

Altars:
Cheibriados
Nemelex Xobeh
Xom
The Shining One

Shops:
D:4 [   D:11 %


Innate Abilities, Weirdness & Mutations

You have hooves in place of feet.
Armour fits poorly on your strangely shaped body.
You cover ground very quickly.
You have extremely tough skin. (AC +3)


Message History

You hit the death yak simulacrum. The death yak simulacrum gores you!
* * * LOW HITPOINT WARNING * * *
The death yak simulacrum freezes you! You resist.
* * * LOW HITPOINT WARNING * * *
The death yak simulacrum gores you.
* * * LOW HITPOINT WARNING * * *
The death yak simulacrum freezes you. You resist.
* * * LOW HITPOINT WARNING * * *
You hit the death yak simulacrum.
The death yak simulacrum is almost destroyed.
You hit the death yak simulacrum. You slash the elephant simulacrum!
The elephant simulacrum completely misses you.
The elephant simulacrum trunk-slaps you but does no damage.
Unknown command.
You feel better. The death yak simulacrum gores you!
* * * LOW HITPOINT WARNING * * *
The death yak simulacrum freezes you. You resist.
* * * LOW HITPOINT WARNING * * *
The death yak simulacrum gores you!
You die...

#### ##..##
##
##....##..##
#.Z........#
#@Z.∩.......
#.Z.....##..
##....###
##..## ####


You could see 2 death yak simulacra and an elephant simulacrum.

Vanquished Creatures
  Nessos (Lair:5)
  A fire dragon (Lair:6)
  4 hydras
  A two-headed ogre (D:9)
  A salamander mystic (Volcano)
  A hell knight (Volcano)
  A swamp dragon (Lair:6)
  2 ugly things
  A moth of wrath (Lair:1)
  A centaur zombie (D:8)
  3 salamanders (Volcano)
  An eye of devastation (Lair:6)
  A gargoyle (D:10)
  7 black mambas
  7 spiny frogs
  A torpor snail (Lair:6)
  A centaur skeleton (D:8)
  6 rime drakes
  5 komodo dragons
  10 polar bears
  A troll (D:9)
  3 blink frogs (Lair:3)
  A bog body (Lair:4)
  2 raiju (Lair:6)
  5 dream sheep (Lair:5)
  A hornet (D:8)
  8 hippogriffs
  A wyvern (D:9)
  Sigmund (D:3)
  A basilisk (Lair:3)
  29 yaks
  A death yak simulacrum (IceCv)
  2 steam dragons
  4 hungry ghosts
  Edmund (D:5)
  A naga (Lair:3)
  Menkaure (D:5)
  6 wargs (Lair:6)
  4 soldier ants
  4 acid dragons
  8 water moccasins
  13 hell hounds (Lair:6)
  7 porcupines
  9 orc warriors
  A swamp drake (Lair:6)
  An ice beast (D:7)
  3 sky beasts
  13 black bears
  Purgy (Sewer)
  2 phantoms
  4 centaurs
  5 ogres
  An eye of draining (Lair:6)
  3 crocodiles
  20 wolves
  2 big kobolds
  11 bullfrogs
  A wyvern zombie (D:6)
  A scorpion (D:8)
  9 killer bees (D:10)
  2 howler monkeys
  An electric eel (D:9)
  5 crimson imps
  A quasit (D:10)
  Crazy Yiuf (D:6)
  5 hounds
  A jelly (D:10)
  9 orc priests
  8 orc wizards
  8 iguanas
  Natasha (thrice) (D:4)
  6 worker ants
  Terence (D:2)
  2 killer bee zombies
  4 hound skeletons
  A howler monkey zombie (D:11)
  2 worker ant zombies
  7 gnolls
  10 adders
  4 shadow imps
  3 oozes
  An adder zombie (D:9)
  2 adder skeletons
  4 worms
  4 dart slugs
  9 leopard geckos
  44 orcs
  5 giant cockroaches
  10 goblins
  9 hobgoblins
  3 jackals
  4 quokkas
  10 bats
  3 frilled lizards
  23 kobolds
  A leopard gecko skeleton (D:8)
  A quokka skeleton (D:6)
  7 rats
  3 plants
475 creatures vanquished.

Vanquished Creatures (others)
  The ghost of Kuokkid the Arsonist, a novice DEFE of Vehumet (Lair:1)
  An oklob plant (Lair:4)
  2 basilisks
  An orc (D:6)
  4 fungi
  17 plants
26 creatures vanquished.

Grand Total: 501 creatures vanquished

Notes
Turn   | Place    | Note
-------+----------+-------------------------------------------
     0 | Abyss:1  | Gargoyl the Centaur Abyssal Knight began the quest for the
                  | Orb.
     0 | Abyss:1  | Reached XP level 1. HP: 19/19 MP: 2/2
    79 | Abyss:3  | Noticed a jelly
   122 | Abyss:4  | Noticed a large abomination
   151 | Abyss:4  | Noticed an ancient zyme
   152 | Abyss:4  | Noticed a smoke demon
   163 | D:1      | Escaped the Abyss
   225 | D:1      | Reached * piety under Lugonu
   347 | D:1      | Reached XP level 2. HP: 25/26 MP: 3/3
   619 | D:1      | Found a glowing golden altar of the Shining One.
   884 | D:2      | Found a sparkling altar of Nemelex Xobeh.
   902 | D:2      | Reached skill level 2 in Axes
   935 | D:2      | Reached skill level 1 in Dodging
   937 | D:2      | Reached XP level 3. HP: 14/31 MP: 4/4
  1497 | D:2      | Noticed Terence
  1519 | D:2      | Killed Terence
  1519 | D:2      | Reached XP level 4. HP: 23/38 MP: 5/5
  1936 | D:3      | Reached ** piety under Lugonu
  2145 | D:3      | Noticed Sigmund
  2155 | D:3      | Killed Sigmund
  2155 | D:3      | Reached skill level 3 in Axes
  2155 | D:3      | Reached XP level 5. HP: 30/46 MP: 5/7
  2336 | D:3      | Reached XP level 6. HP: 41/52 MP: 8/8
  2510 | D:3      | Found a glowing drain.
  2519 | Sewer    | Entered a sewer
  2546 | Sewer    | Noticed Purgy
  2559 | Sewer    | Killed Purgy
  2998 | D:4      | Noticed Natasha
  3003 | D:4      | Killed Natasha
  3045 | D:4      | Reached skill level 4 in Axes
  3045 | D:4      | Reached XP level 7. HP: 52/59 MP: 9/9
  3169 | D:4      | Noticed Natasha
  3181 | D:4      | Killed Natasha
  3297 | D:4      | Noticed Natasha
  3305 | D:4      | Killed Natasha
  3468 | D:4      | Found Qybuc's Antique Armour Emporium.
  3473 | D:4      | Bought a pair of glowing gloves for 187 gold pieces
  3862 | D:4      | Reached *** piety under Lugonu
  3996 | D:5      | Entered Level 5 of the Dungeon
  4106 | D:5      | Found a staircase to the Ecumenical Temple.
  5169 | D:6      | Noticed Menkaure
  5186 | D:5      | Reached XP level 8. HP: 41/67 MP: 11/11
  5417 | D:6      | Noticed Edmund
  5422 | D:5      | Killed Menkaure
  5422 | D:5      | Reached skill level 5 in Axes
  5457 | D:5      | Killed Edmund
  5643 | D:6      | Found a snail-covered altar of Cheibriados.
  6120 | D:6      | Found a runed translucent door.
  6188 | D:4      | Bought a glowing helmet for 187 gold pieces
  6339 | D:6      | Noticed Crazy Yiuf
  6350 | D:6      | Killed Crazy Yiuf
  6643 | D:7      | Reached **** piety under Lugonu
  6646 | D:7      | Reached skill level 1 in Shields
  6646 | D:7      | Reached skill level 5 in Invocations
  6987 | D:7      | Reached skill level 6 in Axes
  7003 | D:7      | Reached skill level 5 in Fighting
  7247 | D:7      | Reached skill level 1 in Throwing
  7247 | D:7      | Reached XP level 9. HP: 73/74 MP: 12/12
  8338 | D:7      | Reached skill level 5 in Armour
  8583 | D:8      | Reached skill level 7 in Axes
  9212 | D:8      | Reached XP level 10. HP: 82/82 MP: 14/14
 10184 | D:9      | Reached ***** piety under Lugonu
 10558 | D:9      | Got an ancient bone ring
 10648 | D:9      | Reached skill level 8 in Axes
 11056 | D:9      | Found a staircase to the Orcish Mines.
 11410 | D:9      | Noticed a two-headed ogre
 11458 | D:9      | Killed a two-headed ogre
 11574 | D:9      | Found a sparkling altar of Nemelex Xobeh.
 11690 | D:10     | Entered Level 10 of the Dungeon
 12371 | D:10     | Reached XP level 11. HP: 68/89 MP: 16/16
 12832 | D:10     | Noticed a purple ugly thing
 12849 | D:10     | Killed a purple ugly thing
 12967 | D:10     | Found a shimmering altar of Xom.
 12968 | D:10     | Found a staircase to the Lair.
 13359 | D:10     | Reached skill level 9 in Axes
 13754 | Lair:1   | Entered Level 1 of the Lair of Beasts
 13755 | Lair:1   | Identified the ring of Mepuiq {+Fly rF- MP+9 Int+3} (You
                  | found it on level 9 of the Dungeon)
 13765 | Lair:1   | Identified a scroll of acquirement
 13765 | Lair:1   | Identified the ring of Pekhleypt {rC+ Str+4 Slay+3 Stlth+}
                  | (You acquired it on level 1 of the Lair of Beasts)
 13806 | Lair:1   | Found a transporter.
 13828 | Lair:1   | Noticed Kuokkid's ghost (novice DEFE)
 13845 | Lair:1   | Found a transporter.
 14030 | Lair:1   | Banished Kuokkid's ghost
 14030 | Lair:1   | Reached skill level 5 in Dodging
 15201 | Lair:1   | Got an ichor-stained war axe
 15202 | Lair:1   | Identified the +5 war axe "Zogy" {vorpal, *Slow +Inv rN+
                  | Dex+2} (You found it on level 1 of the Lair of Beasts)
 15613 | Lair:2   | Got an iridescent mace
 15614 | Lair:2   | Identified the +3 mace "Romuil" {flame, *Slow rN+ Int+2}
                  | (You found it on level 2 of the Lair of Beasts)
 15648 | Lair:2   | Found a dark tunnel.
 15655 | Volcano  | Entered a volcano
 15838 | Volcano  | Noticed a salamander mystic
 15852 | Volcano  | Killed a salamander mystic
 16169 | Volcano  | Noticed a hell knight
 16174 | Volcano  | Killed a hell knight
 16174 | Volcano  | Reached XP level 12. HP: 100/100 MP: 18/18
 17539 | Lair:3   | Found a staircase to the Snake Pit.
 17788 | Lair:3   | Noticed a six-headed hydra
 17798 | Lair:3   | Killed a one-headed hydra
 17798 | Lair:3   | Reached skill level 10 in Axes
 18198 | Lair:3   | Noticed a six-headed hydra
 18848 | Lair:3   | Killed a three-headed hydra
 19826 | Lair:4   | Found a staircase to the Swamp.
 19999 | Lair:4   | Noticed a four-headed hydra
 20009 | Lair:4   | Killed a one-headed hydra
 20640 | Lair:5   | Noticed a seven-headed hydra
 20647 | Lair:5   | Killed a four-headed hydra
 20840 | Lair:5   | Reached XP level 13. HP: 52/107 MP: 20/20
 21231 | Lair:5   | Noticed Nessos
 23012 | Lair:5   | Killed Nessos
 23114 | Lair:6   | Entered Level 6 of the Lair of Beasts
 23260 | Lair:6   | Reached skill level 10 in Armour
 23902 | Lair:6   | Found a staircase to the Slime Pits.
 24887 | Lair:6   | Reached skill level 10 in Invocations
 24892 | Lair:6   | Reached skill level 11 in Axes
 24901 | Lair:6   | Reached ****** piety under Lugonu
 25664 | Lair:6   | Noticed a fire dragon
 26380 | Lair:6   | Killed a fire dragon
 26881 | D:11     | Found Ibagreg's Food Emporium.
 26919 | D:11     | Found a frozen archway.
 27008 | IceCv    | Entered an ice cave
 27024 | IceCv    | HP: 3/108 [death yak simulacrum (3)]
 27024 | IceCv    | Slain by a death yak simulacrum

Levels and vault maps discovered:
D:1:      nicolae_arrival_memento_mori, layout_basic, st_stairs_6,
          tso_metal_star
D:2:      layout_rooms, nemelex_xobeh_ov_fountains_minmay,
          grunt_decor_one_mirror, uniq_terence
D:3:      layout_rooms, cheibrodos_sewer_entry_bend, uniq_sigmund
D:4:      layout_loops_ring, serial_shops, shop, kennysheep_generic_room_3,
          uniq_natasha
D:5:      corexii_shack_village, layout_basic,
          minmay_temple_entry_statues_pillars, first_ration
D:6:      layout_rooms, kennysheep_slug_shrine, uniq_crazy_yiuf_cottage,
          uniq_menkaure, uniq_edmund
D:7:      layout_cave_pods
D:8:      layout_cave_pools, hangedman_pestilent_swarm
D:9:      layout_stronghold, erik_orc_2, nemelex_dance_club_becter
D:10:     layout_grid_maze, lair_entry_dummy, basic_altar,
          kennysheep_generic_room_15
D:11:     layout_cave_pools, serial_ice, serial_ice_b, serial_ice_d,
          serial_ice_m, serial_ice_n, serial_ice_h, serial_ice_f,
          portal_ice_cave_entry_animals_and_master, basic_altar, serial_shops,
          shop
Lair:1:   layout_chaotic_city, gammafunk_ghost_berserking_beasts,
          serial_bayou_shore_b, grunt_megastairs_1
Lair:2:   layout_cave_pods, enter_volcano_2, lemuel_fruit_fields,
          infiniplex_staircase_pool
Lair:3:   layout_hall_layers, guppyfry_snake_entry_garden
Lair:4:   layout_cave_pods, skrybe_swamp_entry_bodies
Lair:5:   layout_roguey, uniq_nessos
Lair:6:   guppyfry_lair_end_dragon, layout_long_grid,
          hangedman_lair_caniforms_friends, minmay_slime_entry_eyes
IceCv:    ice_cave_small_necro

Skill      XL: |  1  2  3  4  5  6  7  8  9 10 11 12 13 |
---------------+----------------------------------------+-----
Axes           | 2 3 4 6 7 8 9 10 11 | 11.3
Dodging        | 1 2 3 4 5 6 |  6.9
Armour         | 2 3 4 5 7 8 9 10 | 10.6
Invocations    | 3 4 5 6 7 8 9 10 | 10.4
Fighting       | 4 5 6 7 8 |  8.6
Shields        | 1 2 3 4 |  4.0
Throwing       | 1 2 |  2.4

Action                   |  1- 3 |  4- 6 |  7- 9 | 10-12 | 13-15 || total
-------------------------+-------+-------+-------+-------+-------++-------
Melee: Hand axe          |    96 |   139 |   472 |   653 |   403 ||  1763
       Kick              |    18 |    28 |   167 |   247 |   197 ||   657
       Broad axe         |       |       |       |    20 |       ||    20
Throw: Boomerang         |     5 |       |    21 |     7 |    10 ||    43
Invok: Depart the Abyss  |     1 |       |       |       |       ||     1
       Banish            |       |       |       |     4 |       ||     4
       Bend Space        |       |       |       |       |     1 ||     1
Evoke: Wand              |     1 |       |       |       |       ||     1
  Use: Scroll            |     1 |     4 |    15 |    10 |     3 ||    33
       Potion            |       |       |       |     6 |     2 ||     8
 Stab: Confused          |       |       |       |       |     2 ||     2
  Eat: Chunk             |     1 |     4 |    18 |    34 |     7 ||    64
       Ration            |       |       |       |     6 |     4 ||    10
Armor: Chain mail        |    59 |   122 |   322 |   394 |   368 ||  1265
       Plate armour      |       |       |       |    92 |       ||    92
Dodge: Dodged            |    26 |    40 |   126 |   256 |   148 ||   596
Block: Buckler           |       |       |    68 |   137 |    25 ||   230
       Shield            |       |       |       |       |   207 ||   207

Table legend:
 A = Non-vault XP
 B = Vault XP
 C = Vault XP percentage of total XP
 D = Non-vault monster count
 E = Vault monster count
 F = Vault count percentage of total count
                 A         B        C        D         E       F
            +---------+---------+-------+---------+---------+-------
      Total |   33948 |   27029 |  44.3 |     329 |     148 |  31.0
            +---------+---------+-------+---------+---------+-------
        D:1 |      27 |       2 |   6.9 |      13 |       1 |   7.1
        D:2 |      70 |      32 |  31.4 |      21 |       1 |   4.5
        D:3 |     113 |     202 |  64.1 |      23 |       2 |   8.0
        D:4 |     339 |      37 |   9.8 |      13 |       2 |  13.3
        D:5 |     473 |     347 |  42.3 |      23 |      10 |  30.3
        D:6 |     405 |      46 |  10.2 |      16 |       2 |  11.1
        D:7 |    1411 |       0 |   0.0 |      35 |       0 |   0.0
        D:8 |    1763 |     586 |  24.9 |      24 |       4 |  14.3
        D:9 |    2981 |     979 |  24.7 |      26 |      19 |  42.2
       D:10 |    3495 |     568 |  14.0 |      43 |       1 |   2.3
       D:11 |    1573 |    2180 |  58.1 |      11 |       8 |  42.1
     Lair:1 |    2132 |    2735 |  56.2 |       9 |      11 |  55.0
     Lair:2 |    1641 |       0 |   0.0 |       8 |       0 |   0.0
     Lair:3 |    5477 |     166 |   2.9 |      17 |       1 |   5.6
     Lair:4 |    4826 |     274 |   5.4 |      25 |       1 |   3.8
     Lair:5 |    5145 |    1676 |  24.6 |      15 |       2 |  11.8
     Lair:6 |    2077 |   13834 |  86.9 |       7 |      71 |  91.0
      Sewer |       0 |     133 | 100.0 |       0 |       6 | 100.0
      IceCv |       0 |     186 | 100.0 |       0 |       1 | 100.0
    Volcano |       0 |    3046 | 100.0 |       0 |       5 | 100.0
            +---------+---------+-------+---------+---------+-------
